 Dungeon Crawl Stone Soup version 0.24-a0-779-g36f0aeb843 (webtiles) character file.

Game seed: 6573599737132762915, levelgen mode: deterministic

643 Kohma the Slasher (level 7, -1/56 HPs)
             Began as a Formicid Fighter on Oct 8, 2019.
             Succumbed to a killer bee's poison
             ... on level 3 of the Dungeon.
             The game lasted 00:09:19 (4028 turns).

Kohma the Slasher (Formicid Fighter)                Turns: 4028, Time: 00:09:20

Health: -1/56      AC: 11    Str: 26 (27) XL:     7   Next: 81%
Magic:  7/7        EV:  9    Int:  6 (8)  God:
Gold:   198        SH: 10    Dex:  7 (10) Spells: 6/6 levels left

rFire    . . .     SeeInvis +   a - +0 long sword
rCold    . . .     Gourm    .   c - +0 shield
rNeg     . . .     Faith    .   t - +3 ring mail
rPois    .         Spirit   .   (helmet unavailable)
rElec    .         Reflect  .   (no cloak)
rCorr    .         Harm     .   j - +0 pair of gloves (curse)
MR       .....                  p - +0 pair of boots (curse)
Stlth    ..........             (no amulet)
HPRegen  0.18/turn              (no ring)
MPRegen  0.10/turn              (no ring)

@: mighty, lethally poisoned (-1 -> -18)
A: permanent stasis, dig shafts and tunnels, four strong arms, antennae 3
a: Dig, Shaft Self


You were on level 3 of the Dungeon.
You were hungry.

You visited 1 branch of the dungeon, and saw 4 of its levels.

You collected 198 gold pieces.

Inventory:

Hand Weapons
 a - a +0 long sword (weapon)
Missiles
 b - a throwing net (quivered)
 k - 91 stones
 y - 12 poisoned darts
Armour
 c - a +0 shield (worn)
 j - a cursed +0 pair of gloves (worn)
 p - a cursed +0 pair of boots (worn)
 t - a +3 ring mail (worn)
Jewellery
 q - a +3 ring of evasion {unknown}
 B - an uncursed ring of magical power {unknown}
 C - an uncursed amulet of regeneration {unknown}
Scrolls
 e - a scroll of fear {unknown}
 i - 8 scrolls of identify {unknown}
 l - 2 scrolls of enchant weapon {unknown}
 n - a scroll of fog {unknown}
 o - a scroll of remove curse {unknown}
 v - a scroll of blinking {unknown}
 w - 2 scrolls of immolation {unknown}
 x - 2 scrolls of magic mapping {unknown}
Potions
 g - 2 potions of magic
 h - a potion of haste
 m - a potion of brilliance
 z - a potion of degeneration
 A - a potion of agility {unknown}
Comestibles
 f - 7 rations


   Skills:
 + Level 5.3 Fighting
 * Level 6.0 Long Blades
 - Level 3.2 Armour
 + Level 5.9 Shields


You had 6 spell levels left.
You didn't know any spells.
Your spell library was empty.

Dungeon Overview and Level Annotations

Branches:
Dungeon (4/15)
 Temple: D:4-7

Altars:
Sif Muna


Innate Abilities, Weirdness & Mutations

You cannot be hasted, slowed, berserked, paralysed or teleported.
You can dig through walls and to a lower floor.
Your four strong arms can wield two-handed weapons with a shield.
You have a pair of large antennae on your head. (SInv)


Message History

* * * LOW HITPOINT WARNING * * *
You are lethally poisoned!
The killer bee poisons you!
The killer bee stings you but does no damage.
The killer bee stings you.
* * * LOW HITPOINT WARNING * * *
You are more poisoned.
The killer bee poisons you!
* * * LOW HITPOINT WARNING * * *
You feel sick.
* * * LOW HITPOINT WARNING * * *
You feel sick. The killer bee closely misses you.
There is a stone staircase leading up here.
* * * LOW HITPOINT WARNING * * *
You feel sick. The killer bee stings you.
* * * LOW HITPOINT WARNING * * *
You are more poisoned.
The killer bee poisons you! You block the killer bee's attack.
You climb upwards.
You die...

#................# #.....
#................# #.....
#................# #.....
#.....##.###########.....
#.....##.##........#.####
#.....##.##........#.####
##.#####)##........#.##..
#.#####y##........#.##.#
#......@..........).....
##########........#....#
#...+........######
#...#........######
###...#............##
#.....#............##
#.#..##............#
#.#...+............#
#....##............##


You could see a killer bee.

Vanquished Creatures
  A hippogriff (D:4)
  Sigmund (D:2)
  2 killer bees (D:4)
  4 gnolls
  6 adders
  An ooze (D:3)
  An adder skeleton (D:4)
  7 worms
  2 dart slugs
  2 leopard geckos (D:2)
  10 orcs
  4 giant cockroaches
  10 goblins
  8 hobgoblins
  8 jackals (D:2)
  3 quokkas
  12 bats
  3 frilled lizards
  7 kobolds
  5 rats
97 creatures vanquished.

Notes
Turn   | Place    | Note
-------+----------+-------------------------------------------
     0 | D:1      | Kohma the Formicid Fighter began the quest for the Orb.
     0 | D:1      | Reached XP level 1. HP: 18/18 MP: 1/1
   173 | D:1      | Reached XP level 2. HP: 24/24 MP: 2/2
   980 | D:2      | Reached XP level 3. HP: 26/29 MP: 3/3
  1031 | D:1      | Reached skill level 3 in Long Blades
  1288 | D:2      | Reached XP level 4. HP: 36/37 MP: 4/4
  1800 | D:2      | Reached XP level 5. HP: 42/42 MP: 5/5
  2342 | D:2      | Noticed Sigmund
  2362 | D:2      | Killed Sigmund
  2362 | D:2      | Reached skill level 4 in Long Blades
  2362 | D:2      | Reached skill level 5 in Shields
  2362 | D:2      | Reached XP level 6. HP: 34/49 MP: 6/6
  3009 | D:3      | Reached skill level 5 in Long Blades
  3071 | D:3      | Found a shimmering blue altar of Sif Muna.
  3459 | D:3      | Reached XP level 7. HP: 55/55 MP: 7/7
  3599 | D:4      | Noticed a hippogriff
  3614 | D:4      | Killed a hippogriff
  3614 | D:4      | Reached skill level 5 in Fighting
  3996 | D:4      | Reached skill level 6 in Long Blades
  4027 | D:4      | HP: 1/56 [killer bee (2)]
  4028 | D:3      | Succumbed to a killer bee's poison

Levels and vault maps discovered:
D:1:      ncdulo_halloftheorcs, layout_loops_corners
D:2:      layout_basic, first_ration, guppyfry_early_orc_mine, uniq_sigmund
D:3:      layout_basic, old_standard_altar, grunt_decor_mini_mirrors
D:4:      layout_loops_ring, okawaru_altar_gauntlet_db,
          kiku_gazebo_garden_becter, gammafunk_temple_overflow_elements,
          serial_undead, serial_undead_a, serial_undead_e, serial_undead_e,
          serial_undead_e

Skill      XL: |  1  2  3  4  5  6  7 |
---------------+----------------------+-----
Shields        | 4 5 |  5.9
Long Blades    | 3 4 5 6 |  6.0
Fighting       | 4 5 |  5.3
Armour         | |  3.2

Action                   |  1- 3 |  4- 6 |  7- 9 || total
-------------------------+-------+-------+-------++-------
Melee: Long sword        |    67 |   238 |    64 ||   369
  Use: Potion            |       |     1 |     8 ||     9
  Eat: Chunk             |     1 |     7 |     2 ||    10
Armor: Scale mail        |    30 |    14 |       ||    44
       Ring mail         |       |    65 |    39 ||   104
Dodge: Dodged            |    41 |    80 |    38 ||   159
Block: Shield            |    49 |   109 |    54 ||   212
       Rpst.: Long sword |     9 |    34 |    11 ||    54

Table legend:
 A = Non-vault XP
 B = Vault XP
 C = Vault XP percentage of total XP
 D = Non-vault monster count
 E = Vault monster count
 F = Vault count percentage of total count
                 A         B        C        D         E       F
            +---------+---------+-------+---------+---------+-------
      Total |     675 |     244 |  26.6 |      88 |       9 |   9.3
            +---------+---------+-------+---------+---------+-------
        D:1 |      41 |       0 |   0.0 |      18 |       0 |   0.0
        D:2 |     126 |     239 |  65.5 |      32 |       8 |  20.0
        D:3 |     122 |       0 |   0.0 |      33 |       0 |   0.0
        D:4 |     386 |       5 |   1.3 |       5 |       1 |  16.7
            +---------+---------+-------+---------+---------+-------
